 Dungeon Crawl Stone Soup version 0.25.0-46-gbd7b0854d2 (webtiles) character file.

Game seed: 11164489939929999922

1595 Elvor the Quickloader (level 8, -4/74 HPs)
             Began as a Minotaur Hunter on July 14, 2020.
             Was a Believer of Okawaru.
             Slain by an ogre
             ... wielding a +0 giant spiked club
              (15 damage)
             ... on level 6 of the Dungeon.
             The game lasted 00:50:15 (4636 turns).

Elvor the Quickloader (Minotaur Hunter)             Turns: 4636, Time: 00:50:15

Health: -4/74      AC:  4    Str: 19    XL:     8   Next: 62%
Magic:  7/7        EV: 12    Int:  8    God:    Okawaru [**....]
Gold:   39         SH:  5    Dex: 11    Spells: 7/7 levels left

rFire    . . .     SeeInvis .   b - +0 short sword
rCold    . . .     Gourm    .   (no shield)
rNeg     . . .     Faith    .   c - +0 leather armour
rPois    .         Spirit   .   (helmet restricted)
rElec    .         Reflect  +   x - +0 cloak
rCorr    .         Harm     .   (no gloves)
MR       .....                  (no boots)
Stlth    +.........             h - amulet of reflection
HPRegen  0.22/turn              (no ring)
MPRegen  0.10/turn              (no ring)

@: lethally poisoned (-4 -> -5)
A: retaliatory headbutt, horns 2
a: Heroism, Renounce Religion


You were on level 6 of the Dungeon.
You worshipped Okawaru.
Okawaru was pleased with you.
You were not hungry.

You visited 2 branches of the dungeon, and saw 8 of its levels.

You collected 315 gold pieces.
You spent 276 gold pieces at shops.

Inventory:

Hand Weapons
 a - a +1 hand crossbow
 b - a +0 short sword (weapon)
 w - a +3 quarterstaff of chaos
 A - a +0 whip of pain
Missiles
 d - 35 bolts
 k - 6 atropa-tipped darts (quivered)
 t - 3 boomerangs
 v - 3 silver boomerangs
 B - 50 poisoned darts
Armour
 c - a +0 leather armour (worn)
 x - a +0 cloak (worn)
Jewellery
 h - an amulet of reflection (around neck)
 E - an uncursed amulet of the acrobat {unknown}
Wands
 z - a wand of clouds (4)
 F - a wand of acid (10)
 J - a wand of random effects (20)
Scrolls
 e - a scroll of teleportation {unknown}
 n - a scroll of noise {unknown}
 q - 4 scrolls of remove curse
 r - a scroll of amnesia {unknown}
 y - a scroll of fear {unknown}
 C - 3 scrolls of enchant armour
 I - a scroll of magic mapping {unknown}
Potions
 g - 3 potions of stabbing
 i - 3 potions of might
 l - a potion of magic {unknown}
 m - 2 potions of brilliance
 o - 4 potions of curing
 s - a potion of lignification {unknown}
 u - 2 potions of haste
 G - a potion of invisibility {unknown}
 H - 3 potions of flight
Comestibles
 f - 10 rations
 D - 15 chunks of flesh


   Skills:
 * Level 7.7 Fighting
 + Level 4.1 Short Blades
 + Level 8.7 Crossbows
 + Level 0.5 Throwing
 + Level 3.5 Armour
 + Level 3.1 Dodging
 - Level 1.2 Stealth


You had 7 spell levels left.
You didn't know any spells.
Your spell library contained the following spells:

 Spells                   Type           Power        Failure   Level  Hunger
 Animate Skeleton         Necr           N/A          45%         1    ##.....
 Apportation              Tloc           #.....       45%         1    ##.....
 Corona                   Hex            #......      45%         1    ##.....
 Summon Small Mammal      Summ           #...         45%         1    ##.....


Dungeon Overview and Level Annotations

Branches:
Dungeon (7/15)             Temple (1/1) D:4

Altars:
Ashenzari
Cheibriados
Dithmenos
Fedhas
Gozag
Hepliaklqana
Kikubaaqudgha
Makhleb
Nemelex Xobeh
Okawaru
Sif Muna
Trog
Uskayaw
Vehumet
Wu Jian
Xom
Zin

Shops:
D:4 [   D:6 !


Innate Abilities, Weirdness & Mutations

You reflexively headbutt those who attack you in melee.
You have a pair of horns on your head.


Message History

Okawaru accepts your kill.
You hit the ogre.
The ogre is moderately wounded.
The ogre barely misses you.
You hit the ogre but do no damage.
The ogre is moderately wounded.
You feel sick.
You hit the ogre. You headbutt the ogre!
The ogre is severely wounded.
The ogre hits you with a +0 giant spiked club.
* * * LOW HITPOINT WARNING * * *
You hit the ogre but do no damage.
The ogre is severely wounded.
You closely miss the ogre. Your headbutt misses the ogre.
The ogre is severely wounded.
You block the ogre's attack.
You hit the ogre.
The ogre is severely wounded.
The ogre hits you with a +0 giant spiked club!
You die...

......# ......### ###########
........# #.........##
........### #..........##
......#...#### #...........#
......#.#..).######...........#
...####.####)).....###..>.....#
......#...########.......)...##
....#[..........@O.........<.##
.#..######...#########........#
.##...## ###.# #........#
.##.#..# ##.####### #........#
..#..#.####........# #.......###
..##.#....#........# #.##......#
..##.####.#........# #.##......#
..##.####..........###.##......#
.....#.............##..........#


You could see an ogre.

Vanquished Creatures
  A hippogriff (D:6)
  An ice beast (D:5)
  5 ogres
  A bullfrog (D:6)
  A scorpion (D:5)
  A howler monkey (D:3)
  3 crimson imps
  2 hounds
  A jelly (D:6)
  Crazy Yiuf (D:3)
  2 centaur skeletons (D:4)
  An iguana (D:3)
  2 orc priests (D:5)
  3 orc wizards
  4 worker ants
  A howler monkey zombie (D:4)
  7 adders
  A shadow imp (D:5)
  5 oozes
  2 adder skeletons (D:4)
  A dart slug (D:1)
  3 leopard geckos
  15 orcs
  8 giant cockroaches
  7 hobgoblins
  10 jackals
  2 quokkas
  A ball python skeleton (D:4)
  5 bats
  6 frilled lizards
  A giant cockroach zombie (D:5)
  16 goblins
  8 kobolds
  A leopard gecko skeleton (D:4)
  A quokka skeleton (D:5)
  A quokka zombie (D:5)
  6 rats
137 creatures vanquished.

Notes
Turn   | Place    | Note
-------+----------+-------------------------------------------
     0 | D:1      | Elvor the Minotaur Hunter began the quest for the Orb.
     0 | D:1      | Reached XP level 1. HP: 18/18 MP: 0/0
    89 | D:1      | Reached skill level 5 in Crossbows
    89 | D:1      | Reached XP level 2. HP: 25/25 MP: 1/1
   434 | D:1      | Reached XP level 3. HP: 30/30 MP: 2/2
  1274 | D:3      | Reached skill level 1 in Stealth
  1274 | D:3      | Reached XP level 4. HP: 38/38 MP: 3/3
  1488 | D:3      | Reached skill level 6 in Crossbows
  1490 | D:3      | Found a faded altar of an unknown god.
  1799 | D:3      | Reached XP level 5. HP: 45/45 MP: 4/4
  1867 | D:3      | Found a runed translucent door.
  1868 | D:3      | Noticed Crazy Yiuf
  1877 | D:3      | Killed Crazy Yiuf
  1877 | D:3      | Reached skill level 1 in Armour
  2066 | D:3      | Found a hazy altar of Hepliaklqana.
  2250 | D:3      | Reached skill level 7 in Crossbows
  2262 | D:3      | Reached XP level 6. HP: 12/52 MP: 5/5
  2333 | D:3      | Reached skill level 1 in Short Blades
  2745 | D:4      | Found a staircase to the Ecumenical Temple.
  2751 | Temple   | Entered the Ecumenical Temple
  2831 | Temple   | Became a worshipper of Warmaster Okawaru
  2967 | D:4      | Found Raxick's Armour Shop.
  3073 | D:5      | Entered Level 5 of the Dungeon
  3130 | D:5      | Reached XP level 7. HP: 60/60 MP: 6/6
  3198 | D:5      | Found an ancient bone altar of Kikubaaqudgha.
  3201 | D:5      | Found a blossoming altar of Fedhas.
  3214 | D:5      | Reached skill level 5 in Fighting
  3325 | D:5      | Found an ornate altar of the Wu Jian Council.
  3325 | D:5      | Found a shadowy altar of Dithmenos.
  3325 | D:5      | Found a bloodstained altar of Trog.
  3326 | D:5      | Found a radiant altar of Vehumet.
  3327 | D:5      | Found a shattered altar of Ashenzari.
  3456 | D:5      | Reached skill level 8 in Crossbows
  3794 | D:5      | Reached * piety under Okawaru
  3898 | D:5      | Reached XP level 8. HP: 70/70 MP: 7/7
  4232 | D:6      | Found Ruskast's Distillery.
  4261 | D:6      | Bought a potion of flight for 36 gold pieces
  4261 | D:6      | Bought a potion of might for 48 gold pieces
  4261 | D:6      | Bought a potion of haste for 120 gold pieces
  4261 | D:6      | Bought 2 potions of curing for 72 gold pieces
  4499 | D:7      | Noticed a hippogriff
  4554 | D:6      | Killed a hippogriff
  4564 | D:6      | Reached ** piety under Okawaru
  4636 | D:6      | Slain by an ogre

Illustrated notes

Levels and vault maps discovered:
D:1:      lightli_arrival_statue_moat, layout_basic, minmay_misc_feat_pillars
D:2:      layout_loops_ring, first_ration, skrybe_limestone_x
D:3:      layout_basic, nicolae_overflow_crystal_walls,
          chequers_ecumenical_altar_simple_redux, uniq_crazy_yiuf_cottage
D:4:      layout_cave_pools, minmay_temple_entry_enclosed_plants, serial_shops,
          nicolae_shop_behind_doors
D:5:      layout_gridville, grunt_temple_overflow_growth_and_decay,
          grunt_temple_overflow_open
D:6:      layout_rooms, serial_shops, nicolae_shop_trees, minmay_ogre_servants
D:7:      layout_rooms, nicolae_overflow_hidden_temple
Temple:   compressed_dpeg_triangle_lava_temple

Skill      XL: |  1  2  3  4  5  6  7  8 |
---------------+-------------------------+-----
Crossbows      | 5 6 7 8 |  8.7
Fighting       | 3 4 6 7 |  7.7
Stealth        | 1 |  1.2
Armour         | 1 2 3 |  3.5
Short Blades   | 2 3 4 |  4.1
Dodging        | 3 |  3.1
Throwing       | |  0.5

Action                   |  1- 3 |  4- 6 |  7- 9 || total
-------------------------+-------+-------+-------++-------
Melee: Short sword       |     5 |    44 |   103 ||   152
       Headbutt          |       |     7 |    20 ||    27
 Fire: Hand crossbow     |    72 |   114 |    79 ||   265
Throw: Dart              |       |     6 |     1 ||     7
Invok: Heroism           |       |       |     1 ||     1
  Use: Scroll            |       |     1 |     4 ||     5
       Potion            |       |       |     2 ||     2
  Eat: Ration            |       |     1 |     1 ||     2
       Chunk             |       |     3 |     2 ||     5
Armor: Leather armour    |     3 |    14 |    24 ||    41
Dodge: Dodged            |    12 |    51 |    62 ||   125
Block: Other             |     3 |    14 |    30 ||    47
       Reflection        |     1 |       |       ||     1
